 Dungeon Crawl Stone Soup version 0.31-a0-187-gba352fbbf7 (webtiles) character file.

Game seed: 12158020049506683658

44 qw the Shooter (level 3, -1/20 HPs)
             Began as a Deep Elf Hunter on June 22, 2023.
             Succumbed to an adder's poison
             ... on level 2 of the Dungeon.
             The game lasted 00:00:27 (984 turns).

qw the Shooter (Deep Elf Hunter)                     Turns: 984, Time: 00:00:27

Health: -1/20      AC:  3    Str: 10    XL:     3   Next: 39%
Magic:  5/5        EV: 12    Int: 13    God:
Gold:   32         SH:  0    Dex: 18    Spells: 2/2 levels left

rFire   . . .        Y - +0 shortbow
rCold   . . .        (shield currently unavailable)
rNeg    . . .        c - +0 leather armour
rPois   .            (no helmet)
rElec   .            (no cloak)
rCorr   .            (no gloves)
SInv    .            (no boots)
Will    .....        (no amulet)
Stlth   ++           (no ring)
HPRegen 0.23/turn    (no ring)
MPRegen 0.09/turn

%: no passive effects
@: lethally poisoned (-1 -> -11), about to teleport
A: no striking features
a: no special abilities


You were on level 2 of the Dungeon.
You visited 1 branch of the dungeon, and saw 2 of its levels.

You collected 56 gold pieces.
You spent 24 gold pieces at shops.


   Skills:
 - Level 1.5 Fighting
 + Level 7.0 Ranged Weapons
 - Level 2.4 Dodging
 - Level 1.2 Stealth


You had 2 spell levels left.
You didn't know any spells.
Your spell library was empty.

Inventory:

Hand Weapons
 Y - a +0 shortbow (weapon)
Armour
 c - a +0 leather armour (worn)
Scrolls
 e - a scroll of identify
Potions
 b - a potion of ambrosia {unknown}
 d - a potion of resistance {unknown}
 f - a potion of attraction {unknown}
 g - a potion of enlightenment {unknown}
 h - a potion of berserk rage {unknown}
 i - a potion of mutation {unknown}

Dungeon Overview and Level Annotations

Branches:
Dungeon (2/15)

Altars:

Shops:
D:1 *[*


Message History

You shoot an arrow. The arrow hits the adder!
The adder hisses angrily.
The adder is severely wounded.
A rat comes into view.
You shoot an arrow. The arrow misses the adder.
The arrow hits the rat.
The rat is severely wounded.
You shoot an arrow. The arrow closely misses the adder.
The arrow barely misses the rat.
You shoot an arrow. The arrow closely misses the adder.
The arrow hits the rat.
You kill the rat!
The adder misses you.
Your Ranged Weapons skill increases to level 7!
You shoot an arrow.
The arrow hits the adder but does no damage.
The adder is severely wounded.
The adder completely misses you. The adder bites you.
You are poisoned.
The adder poisons you!
You shoot an arrow. The arrow hits the adder.
The adder is severely wounded.
You feel sick. The adder bites you.
You are more poisoned.
The adder poisons you!
You shoot an arrow.
The arrow hits the adder but does no damage.
The adder is heavily wounded.
You feel very sick. The adder misses you. The adder completely misses you.
You shoot an arrow. The arrow completely misses the adder.
You feel sick. The adder bites you.
You shoot an arrow. The arrow closely misses the adder.
You feel sick. The adder bites you.
983 ||| READING scroll of teleportation.
As you read the scroll of teleportation, it crumbles to dust.
You feel strangely unstable.
You feel sick. The adder bites you but does no damage. The adder bites you.
You are more poisoned.
The adder poisons you!
You shoot an arrow. The arrow misses the adder.
You die...

# .#######.#........#
# #.#.....#..# #
#..........# #+
##.......#.# ...
#.......#.# ## ....
##.....##.# .## .....
##.....###.# ..####
......####..........#
.....+
..%...S@......#.#####
..####
...[..####...##.# .##
..... ##.###.# ##
.... #.....# # ...
#.##### # #+# #.#
#.#########.#
#.........#.#
##.........#.#


You could see an adder.

Vanquished Creatures
  An adder (D:2)
  3 bats
  3 endoplasms
  2 giant cockroaches
  5 goblins
  4 hobgoblins (D:1)
  A quokka (D:1)
  2 ball pythons
  A frilled lizard (D:1)
  5 kobolds (D:1)
  4 rats
31 creatures vanquished.

Notes
Turn   | Place    | Note
-------+----------+-------------------------------------------
     0 | D:1      | qw the Deep Elf Hunter began the quest for the Orb.
     0 | D:1      | Reached XP level 1. HP: 12/12 MP: 3/3
     0 | D:1      | 0 ||| qw: Version: 0.3-a-9-g12657ce
     0 | D:1      | 0 ||| qw: Game counter: 2441
     0 | D:1      | 0 ||| qw: Always use a shield: true
     0 | D:1      | 0 ||| qw: God list: Okawaru
     0 | D:1      | 0 ||| qw: Allow faded altars: false
     0 | D:1      | 0 ||| qw: Do Orc after D:15 true
     0 | D:1      | 0 ||| qw: Do second Lair branch before Depths: true
     0 | D:1      | 0 ||| qw: Lair rune preference: random
     0 | D:1      | 0 ||| qw: Plans: Normal
     0 | D:1      | 0 ||| PLANNING D:1-11
   135 | D:1      | 135 ||| FLEEEEING.
   136 | D:1      | 136 ||| FLEEEEING.
   137 | D:1      | 137 ||| FLEEEEING.
   138 | D:1      | 138 ||| FLEEEEING.
   248 | D:1      | Reached skill level 6 in Ranged Weapons
   248 | D:1      | Reached XP level 2. HP: 16/16 MP: 4/4
   252 | D:1      | Found Bameadokho's General Store.
   264 | D:1      | 264 ||| SHOPLISTING scroll of enchant weapon (90 gold, have
                  | 34).
   264 | D:1      | 264 ||| BUYING scroll of identify (24 gold).
   264 | D:1      | Bought a scroll of identify for 24 gold pieces
   351 | D:1      | Found Porhiumu's Antique Armour Shoppe.
   354 | D:1      | 354 ||| SHOPLISTING cloak (117 gold, have 27).
   354 | D:1      | 354 ||| SHOPLISTING embroidered robe (96 gold, have 27).
   354 | D:1      | 354 ||| SHOPLISTING helmet (117 gold, have 27).
   354 | D:1      | 354 ||| SHOPLISTING ring mail (104 gold, have 27).
   354 | D:1      | 354 ||| SHOPLISTING runed scale mail (182 gold, have 27).
   354 | D:1      | 354 ||| SHOPLISTING smoking robe (148 gold, have 27).
   592 | D:1      | Found Boilauzui's General Store.
   599 | D:1      | 599 ||| SHOPLISTING scroll of teleportation (33 gold, have
                  | 32).
   757 | D:1      | 757 ||| READING 2 scrolls labelled BURPHU WUH SOS.
   762 | D:1      | 762 ||| READING scroll labelled VINECI SIU.
   763 | D:1      | 763 ||| DROPPING scroll of butterflies.
   780 | D:2      | Reached XP level 3. HP: 20/20 MP: 5/5
   978 | D:2      | Reached skill level 7 in Ranged Weapons
   982 | D:2      | HP: 3/20 [adder (4)]
   983 | D:2      | 983 ||| READING scroll of teleportation.
   984 | D:2      | Succumbed to an adder's poison

Levels and vault maps discovered:
D:1:      dpeg_arrival_houses_and_road, layout_basic, serial_shops,
          nicolae_shop_behind_doors, nicolae_shop_statue_plus, shop
D:2:      layout_loops_corners, minmay_tiny_reverse_x

Skill      XL: |  1  2  3 |
---------------+----------+-----
Ranged Weapons | 6 7 |  7.0
Fighting       | |  1.5
Dodging        | |  2.4
Stealth        | |  1.2

Action                     || total
---------------------------++-------
   Fire: Shortbow          ||   123
    Use: Scroll            ||     3
 Armour: Leather armour    ||    25
  Dodge: Dodged            ||    34

Table legend:
 A = Non-vault XP
 B = Vault XP
 C = Vault XP percentage of total XP
 D = Non-vault monster count
 E = Vault monster count
 F = Vault count percentage of total count
                 A         B        C        D         E       F
            +---------+---------+-------+---------+---------+-------
      Total |      62 |       1 |   1.6 |      30 |       1 |   3.2
            +---------+---------+-------+---------+---------+-------
        D:1 |      40 |       0 |   0.0 |      24 |       0 |   0.0
        D:2 |      22 |       1 |   4.3 |       6 |       1 |  14.3
            +---------+---------+-------+---------+---------+-------
